 Dungeon Crawl Stone Soup version 0.21.0-3-g78d12a8bdd (webtiles) character file.

165523 GordonOverkill the Warrior (level 18, -4/123 (124) HPs)
             Began as a Kobold Berserker on Jan 12, 2018.
             Was the Champion of Trog.
             Blown up by an orb spider (44 damage)
             ... with an orb of destruction
             ... on level 1 of the Spider Nest.
             The game lasted 01:12:26 (37102 turns).

GordonOverkill the Warrior (Kobold Berserker)      Turns: 37102, Time: 01:12:26

HP:   -4/123 (124)  AC: 39    Str: 23    XL:     18   Next: 21%
MP:   18/18         EV: 16    Int: 10    God:    Trog [******]
Gold: 1482          SH: 18    Dex: 19    Spells: 17/17 levels left

rFire    + . .     SeeInvis +   a - +12 quick blade of Yeast {freeze, rPois MR+ SInv}
rCold    . . .     Gourm    .   J - +0 shield
rNeg     . . .     Faith    .   I - +9 plate armour "Izia" {rElec rF+ Dex+4}
rPois    +         Spirit   .   P - +2 helmet
rElec    +         Reflect  +   k - +2 cloak
rCorr    .         Harm     .   O - +2 pair of gloves {Str+3}
MR       ++...                  M - +1 pair of boots {Stlth+}
Stlth    ..........             q - +5 amulet of reflection
HPRegen  0.30/turn              G - +3 ring of protection
MPRegen  0.16/turn              s - ring of see invisible

@: no status effects
A: small, carnivore
}: 1/15 runes: decaying
a: Berserk, Trog's Hand, Brothers in Arms, Burn Spellbooks, Renounce Religion


You were on level 1 of the Spider Nest.
You worshipped Trog.
Trog was exalted by your worship.
You were full.

You visited 5 branches of the dungeon, and saw 28 of its levels.
You also visited: Sewer.

You collected 2614 gold pieces.
You spent 1132 gold pieces at shops.

Inventory:

Hand Weapons
 a - the +12 quick blade of Yeast (weapon) {freeze, rPois MR+ SInv}
   (You found it on level 6 of the Lair of Beasts)

   It has been specially enchanted to freeze those struck by it, causing extra
   injury to most foes and up to half again as much damage against particularly
   susceptible opponents.
   It can also slow down cold-blooded creatures.
   It protects you from poison.
   It affects your resistance to hostile enchantments.
   It lets you see invisible.
 b - a +5 antimagic demon blade
Missiles
 v - 2 throwing nets (quivered)
Armour
 k - a +2 cloak (worn)
 I - the +9 plate armour "Izia" (worn) {rElec rF+ Dex+4}
   (You found it on level 6 of the Dungeon)

   It affects your dexterity (+4).
   It protects you from fire.
   It insulates you from electricity.
 J - a +0 shield (worn)
 M - a +1 pair of boots of stealth (worn)
 O - a +2 pair of gloves of strength (worn)
 P - a +2 helmet (worn)
Jewellery
 q - a +5 amulet of reflection (around neck)
 s - a ring of see invisible (right hand)
 C - an uncursed ring of ice
 G - a +3 ring of protection (left hand)
 Q - an uncursed ring of flight
Wands
 h - a wand of flame (120)
 o - a wand of paralysis (22)
 y - a wand of random effects (120)
 F - a wand of digging (38)
 H - a wand of clouds (8)
 K - a wand of scattershot (3)
 L - a wand of iceblast (8)
 S - a wand of polymorph (40)
 T - a wand of acid (1)
Scrolls
 d - 2 scrolls of identify
 f - 6 scrolls of fear
 i - 15 scrolls of teleportation
 j - a scroll of brand weapon
 t - 2 scrolls of enchant weapon
 u - 14 scrolls of remove curse
 x - 5 scrolls of blinking
 B - a scroll of fog
 D - 5 scrolls of magic mapping
 N - a scroll of summoning
Potions
 e - 9 potions of might
 g - 9 potions of curing
 l - 6 potions of brilliance
 m - 5 potions of agility
 n - 7 potions of heal wounds
 p - 2 potions of magic
 r - 4 potions of lignification
 w - 6 potions of flight
 z - 2 potions of ambrosia
 A - 5 potions of haste
 E - 4 potions of invisibility
 R - a potion of resistance
 V - a potion of cancellation
 X - 3 potions of berserk rage
Comestibles
 c - 46 rations


   Skills:
 + Level 17.7 Fighting
 - Level 13.6(17.7) Short Blades
 - Level 13.0(14.0) Long Blades
 - Level 10.0 Armour
 - Level 12.0 Dodging
 - Level 10.0 Shields


You had 17 spell levels left.
You didn't know any spells.

Dungeon Overview and Level Annotations

Branches:
Dungeon (15/15)            Temple (0/1) D:6            Lair (6/6) D:9
  Swamp (4/4) Lair:4       Spider (1/4) Lair:4        Slime (0/5) Lair:5
    Orc (2/2) D:11            Elf (0/3) Orc:2        Vaults (0/5) D:13
 Depths (0/5) D:15

Altars:
Ashenzari
Dithmenos
Elyvilon
Gozag
Kikubaaqudgha
Nemelex Xobeh
Sif Muna
Trog
Vehumet
Wu Jian
Xom
Yredelemnul
The Shining One
Beogh
Jiyva

Shops:
D:6 ?   D:7 [!%%   D:11 *   D:12 [   D:15 =   Orc:2 *(*:[(

Portals:
Trove: D:12 (give +4 fire dragon scales)

Annotations:
D:7 1 runed door
D:13 3 runed doors


Innate Abilities, Weirdness & Mutations

You are small and have problems with some larger weapons.
You are carnivorous and can eat meat at any time.


Message History

The orb spider pulsates with a strange energy.
The electric eel shoots out a bolt of lightning at you!
The bolt of electricity misses you.
The orb spider weaves a glowing orb of energy.
Found 15 gold pieces.
An orb of destruction comes into view.
The electric eel shoots out a bolt of lightning at you!
The bolt of electricity hits you! The orb of destruction hits you!
The orb spider pulsates with a strange energy.
The electric eel shoots out a bolt of lightning at you!
The bolt of electricity hits you! You resist.
* * * LOW HITPOINT WARNING * * *
The electric eel shoots out a bolt of lightning at you!
The bolt of electricity misses you.
The orb spider weaves a glowing orb of energy.
An orb of destruction comes into view.
You see here 6 javelins.
The orb of destruction hits you!
You die...

###...........§......#
##.^..........§.......##
##............§..........
............§s...........
...>.......#..§............
#............§....†....#...
#............§..........#..
...........§§......(.......
..........@.........^......
...#.......................
......†....................
...........................
...........................
.>...........^......
#.....................
.......#......[.......
........#..............


You could see an orb spider.

Vanquished Creatures
  A bone dragon (Swamp:4)
  A tentacled monstrosity (Swamp:3)
  A sphinx (D:14)
  Kirke (Lair:5)
  A thorn hunter (Swamp:3)
  Donald (Orc:2)
  Aizul (Swamp:2)
  2 orc warlords
  An entropy weaver (Spider:1)
  Azrael (D:14)
  Josephine (Lair:4)
  An ogre mage (D:15)
  A yaktaur captain (D:15)
  11 hydras
  4 catoblepae
  Erolcha (D:9)
  2 ghost crabs
  8 two-headed ogres
  7 centaur warriors
  7 alligators
  2 tengu warriors
  5 death yaks (Lair:6)
  An orc high priest (Orc:2)
  Urug (Orc:2)
  Nergalle (Lair:4)
  A deep elf knight (D:14)
  4 skeletal warriors (D:12)
  An unseen horror (D:15)
  A death drake (Swamp:4)
  2 spriggan druids
  A flayed ghost (D:15)
  2 wizards (D:13)
  4 spectral hydras (Swamp:4)
  6 shambling mangroves
  An orange crystal statue (D:13)
  2 phantasmal warriors (Swamp:4)
  Pikel (D:8)
  A necromancer (Swamp:2)
  3 orb spiders (Spider:1)
  A wolf spider zombie (D:15)
  A deep elf mage (D:12)
  6 orc sorcerers
  3 wolf spiders (Spider:1)
  3 orc knights
  11 ugly things
  6 elephants
  8 manticores
  3 cyclopes
  6 black mambas
  Psyche (D:8)
  4 swamp worm zombies
  2 efreet
  3 rime drakes
  14 spiny frogs
  8 komodo dragons
  4 hydra zombies
  A freezing wraith (D:15)
  3 demonic crawlers (Spider:1)
  6 trolls
  2 polar bears
  11 hornets
  8 jumping spiders
  A wolf spider simulacrum (D:15)
  3 tyrant leeches
  15 slime creatures
  4 alligator zombies (Swamp:4)
  20 blink frogs
  11 bog bodies
  10 hippogriffs
  2 spectral swamp dragons (Swamp:4)
  A meliai zombie (D:13)
  4 dream sheep (Lair:2)
  A centaur simulacrum (D:15)
  11 redbacks
  2 spriggans
  Sigmund (D:4)
  4 shadows
  4 wraiths
  2 tarantellas (Spider:1)
  3 wyverns
  4 hogs (Lair:5)
  3 fire elementals (D:14)
  A tyrant leech zombie (Swamp:2)
  3 basilisks
  13 vampire mosquitoes
  Grum (D:8)
  41 yaks
  2 steam dragons
  3 wargs (Orc:2)
  Menkaure (D:5)
  3 hungry ghosts
  3 soldier ants
  16 swamp worms
  22 insubstantial wisps
  A hell hound (D:14)
  6 water moccasins
  12 porcupines
  7 swamp drakes
  4 ice beasts
  4 sky beasts
  A slave (D:8)
  2 black bears
  32 orc warriors
  3 swamp dragon zombies (Swamp:4)
  9 necrophages
  6 phantoms
  10 wolves
  7 ogres
  12 crocodiles
  16 centaurs
  An elf zombie (D:15)
  3 big kobolds
  Blork the orc (D:5)
  18 bullfrogs
  A wyvern zombie (D:14)
  A water moccasin skeleton (D:9)
  2 scorpions
  4 jellies
  7 wights
  15 killer bees
  2 electric eels (Lair:1)
  4 centaur zombies
  A bullfrog zombie (D:5)
  5 crimson imps
  2 human zombies (D:15)
  21 orc wizards
  A quasit (D:7)
  A bullfrog skeleton (D:5)
  16 orc priests
  8 hounds
  6 centaur skeletons
  5 iguanas
  A human skeleton (D:15)
  A spectral swamp drake (Swamp:4)
  A statue (D:7)
  12 worker ants
  An ogre zombie (D:15)
  A mummy (D:15)
  A howler monkey zombie (D:7)
  A worker ant zombie (D:9)
  11 gnolls
  10 adders
  5 river rats
  5 shadow imps
  An ooze (D:1)
  3 adder skeletons
  5 worms
  A dart slug (D:1)
  10 leopard geckos
  54 orcs
  A ball python (D:1)
  7 giant cockroaches
  12 hobgoblins
  16 jackals
  14 kobolds
  2 quokkas
  7 bats
  6 frilled lizards
  10 goblins
  2 orc zombies (D:15)
  8 rats
  2 plants
892 creatures vanquished.

Vanquished Creatures (collateral kills)
  An orc knight (Orc:2)
  A hydra zombie (Swamp:4)
  A troll (Orc:2)
  2 dream sheep (Lair:2)
  A spectral swamp dragon (Swamp:4)
  3 yaks (Lair:2)
  An insubstantial wisp (Swamp:4)
  2 orc warriors (Orc:2)
  2 phantoms (Swamp:4)
  An orc priest (Orc:2)
  An orc wizard (Orc:2)
  An orc (Orc:2)
17 creatures vanquished.

Vanquished Creatures (others)
  A yaktaur (D:15)
  An orc (Orc:2)
  3 fungi (Lair:5)
  9 plants
14 creatures vanquished.

Grand Total: 923 creatures vanquished

Notes
Turn   | Place    | Note
-------+----------+-------------------------------------------
     0 | D:1      | GordonOverkill the Kobold Berserker began the quest for the Orb.
     0 | D:1      | Reached XP level 1. HP: 14/14 MP: 1/1
   412 | D:1      | Reached XP level 2. HP: 13/19 MP: 2/2
  1016 | D:1      | Reached XP level 3. HP: 23/23 MP: 3/3
  1610 | D:2      | Reached ** piety under Trog
  1680 | D:2      | Reached XP level 4. HP: 29/29 MP: 4/4
  2071 | D:2      | Reached skill level 4 in Fighting
  2500 | D:2      | Reached skill level 1 in Short Blades
  2537 | D:2      | Found a sparkling altar of Nemelex Xobeh.
  2686 | D:3      | Reached XP level 5. HP: 33/33 MP: 5/5
  3293 | D:3      | Found a glowing golden altar of the Shining One.
  3310 | D:3      | Reached *** piety under Trog
  3310 | D:3      | Reached XP level 6. HP: 38/38 MP: 6/6
  3715 | D:4      | Reached skill level 5 in Short Blades
  3765 | D:4      | Found an ancient bone altar of Kikubaaqudgha.
  3846 | D:4      | Reached XP level 7. HP: 6/43 MP: 7/7
  4077 | D:4      | Found a glowing drain.
  4084 | Sewer    | Entered a sewer
  4443 | Sewer    | Found a white marble altar of Elyvilon.
  4561 | D:4      | Noticed Sigmund
  4570 | D:4      | Killed Sigmund
  4731 | D:4      | Reached XP level 8. HP: 48/48 MP: 8/8
  4923 | D:4      | Found a bloodstained altar of Trog.
  5491 | D:5      | Entered Level 5 of the Dungeon
  5515 | D:5      | Reached skill level 10 in Short Blades
  5709 | D:5      | Reached **** piety under Trog
  5714 | D:5      | Received a gift from Trog
  5903 | D:5      | Noticed Blork the orc
  5912 | D:5      | Killed Blork the orc
  6048 | D:5      | Noticed Menkaure
  6051 | D:5      | Killed Menkaure
  6415 | D:6      | Reached XP level 9. HP: 52/52 MP: 9/9
  6506 | D:6      | Got a brightly glowing plate armour
  6507 | D:6      | Identified the +9 plate armour "Izia" {rElec rF+ Dex+4} (You found it on level 6 of the Dungeon)
  6561 | D:6      | Found a staircase to the Ecumenical Temple.
  6600 | D:6      | Found Wapluj's Magic Scroll Shop.
  6606 | D:6      | Bought a scroll of enchant armour for 82 gold pieces
  6606 | D:6      | Bought a scroll of magic mapping for 38 gold pieces
  7050 | D:6      | Found a deep blue altar of Sif Muna.
  7487 | D:7      | Found Vuatuoss's Distillery.
  7499 | D:7      | Found Nano's Armour Shoppe.
  7507 | D:7      | Reached skill level 5 in Fighting
  7570 | D:7      | Noticed a troll
  7581 | D:7      | Killed a troll
  7581 | D:7      | Reached skill level 6 in Fighting
  7743 | D:7      | Reached ***** piety under Trog
  7999 | D:7      | Found Oxeng's Food Emporium.
  8031 | D:7      | Noticed a sixfirhy
  8032 | D:7      | Found a runed door.
  8071 | D:7      | Found a radiant altar of Vehumet.
  8377 | D:7      | Found Qenielafal's Food Shop.
  8383 | D:7      | Reached skill level 7 in Fighting
  8393 | D:7      | Reached XP level 10. HP: 58/63 MP: 10/10
  8768 | D:8      | Reached skill level 8 in Fighting
  8848 | D:8      | Noticed Grum
  8864 | D:8      | Killed Grum
  8864 | D:8      | Reached skill level 9 in Fighting
  9364 | D:8      | Noticed Pikel
  9376 | D:8      | Killed Pikel
  9376 | D:8      | Reached skill level 10 in Fighting
  9640 | D:8      | Noticed Psyche
  9651 | D:8      | Killed Psyche
  9772 | D:8      | Found a white marble altar of Elyvilon.
  9781 | D:8      | Found a sacrificial altar of Ru.
  9781 | D:8      | Found a shimmering altar of Xom.
  9837 | D:8      | Found a shadowy altar of Dithmenos.
  9837 | D:8      | Found an ornate altar of the Wu Jian Council.
  9837 | D:8      | Found a glowing golden altar of the Shining One.
  9899 | D:8      | Reached skill level 11 in Fighting
 10103 | D:9      | Found a shattered altar of Ashenzari.
 10277 | D:9      | Noticed a two-headed ogre
 10287 | D:9      | Killed a two-headed ogre
 10287 | D:9      | Reached XP level 11. HP: 74/74 MP: 11/11
 10560 | D:9      | Reached skill level 5 in Long Blades
 10745 | D:9      | Noticed Erolcha
 10755 | D:9      | Killed Erolcha
 10755 | D:9      | Reached skill level 5 in Armour
 11053 | D:9      | Found a staircase to the Lair.
 11142 | D:10     | Entered Level 10 of the Dungeon
 12030 | D:11     | Noticed a green ugly thing
 12042 | D:11     | Killed a green ugly thing
 12343 | D:11     | Found Huon's General Store.
 12507 | D:11     | Noticed a catoblepas
 12508 | D:11     | Noticed a manticore
 12518 | D:11     | Killed a catoblepas
 12523 | D:11     | Killed a manticore
 12695 | D:7      | Bought a +1 pair of gloves of strength for 231 gold pieces
 12934 | D:11     | Found a staircase to the Orcish Mines.
 13029 | D:11     | Reached XP level 12. HP: 80/80 MP: 12/12
 13222 | D:11     | Noticed a two-headed ogre
 13233 | D:11     | Killed a two-headed ogre
 13850 | D:12     | Received a gift from Trog
 14351 | D:12     | Found Duufifac's Armour Shop.
 14356 | D:12     | Noticed a skeletal warrior
 14361 | D:12     | Bought a +1 pair of boots of stealth for 264 gold pieces
 14376 | D:12     | Killed a skeletal warrior
 14377 | D:12     | Bought a +0 helmet for 72 gold pieces
 14425 | D:12     | Noticed a skeletal warrior
 14435 | D:12     | Noticed a skeletal warrior
 14437 | D:12     | Killed a skeletal warrior
 14450 | D:12     | Killed a skeletal warrior
 14452 | D:12     | Noticed a skeletal warrior
 14463 | D:12     | Killed a skeletal warrior
 14765 | D:12     | Found a portal to a secret trove of treasure.
 15289 | D:13     | Reached XP level 13. HP: 83/84 MP: 13/13
 15356 | D:13     | Found a runed door.
 15397 | D:13     | Found a runed door.
 15624 | D:13     | Found a runed door.
 15631 | D:13     | Found a runed door.
 15724 | D:13     | Noticed a centaur warrior
 15730 | D:13     | Killed a centaur warrior
 15932 | D:13     | Noticed a centaur warrior
 15942 | D:13     | Killed a centaur warrior
 15946 | D:13     | Received a gift from Trog
 15946 | D:13     | Reached skill level 10 in Armour
 16126 | D:13     | Reached skill level 10 in Long Blades
 16821 | D:13     | Found a gate to the Vaults.
 17132 | Lair:1   | Entered Level 1 of the Lair of Beasts
 18909 | Lair:2   | Found an opulent altar of Gozag.
 18951 | Lair:2   | Reached XP level 14. HP: 90/90 MP: 14/14
 20548 | Lair:4   | Found a hole to the Spider Nest.
 20700 | Lair:4   | Noticed Nergalle
 20713 | Lair:4   | Killed Nergalle
 20815 | Lair:4   | Noticed Josephine
 20823 | Lair:4   | Killed Josephine
 21161 | Lair:4   | Received a gift from Trog
 21316 | Lair:4   | Reached skill level 5 in Dodging
 21499 | Lair:4   | Found a staircase to the Swamp.
 21906 | Lair:5   | Found a staircase to the Slime Pits.
 21906 | Lair:5   | Found a viscous altar of Jiyva.
 22482 | Lair:5   | Noticed Kirke
 22514 | Lair:5   | Killed Kirke
 23252 | Lair:5   | Reached XP level 15. HP: 94/94 MP: 15/15
 23627 | Lair:5   | Received a gift from Trog
 23627 | Lair:5   | Reached skill level 10 in Dodging
 23759 | Lair:6   | Entered Level 6 of the Lair of Beasts
 24638 | Lair:6   | Reached ****** piety under Trog
 24711 | Lair:6   | Reached skill level 1 in Shields
 25287 | Lair:6   | Received a gift from Trog
 25299 | Lair:6   | Reached skill level 5 in Shields
 25414 | Lair:6   | Got a slimy quick blade
 25415 | Lair:6   | Identified the +12 quick blade of Yeast {freeze, rPois MR+ SInv} (You found it on level 6 of the Lair of Beasts)
 26081 | D:14     | Noticed a sphinx
 26108 | D:14     | Killed a sphinx
 26720 | D:14     | Noticed Azrael
 26732 | D:14     | Reached XP level 16. HP: 87/99 MP: 16/16
 26742 | D:14     | Killed Azrael
 27161 | D:15     | Entered Level 15 of the Dungeon
 27297 | D:15     | Received a gift from Trog
 28084 | D:15     | Received a gift from Trog
 28086 | D:15     | Found a basalt altar of Yredelemnul.
 28317 | D:15     | Found Sizong's Jewellery Shoppe.
 28489 | D:15     | Reached skill level 10 in Shields
 28494 | D:15     | Found a staircase to the Depths.
 28666 | Orc:1    | Entered Level 1 of the Orcish Mines
 28722 | Orc:1    | Found a roughly hewn altar of Beogh.
 29165 | Orc:2    | Entered Level 2 of the Orcish Mines
 29678 | Orc:2    | Found Sigiax's Assorted Antiques.
 29694 | Orc:2    | Bought a potion of heal wounds for 170 gold pieces
 29739 | Orc:2    | Noticed Donald
 29779 | Orc:2    | Killed Donald
 29779 | Orc:2    | Reached skill level 12 in Fighting
 29955 | Orc:2    | Found a staircase to the Elven Halls.
 29982 | Orc:2    | Found a roughly hewn altar of Beogh.
 29982 | Orc:2    | Noticed Urug
 29992 | Orc:2    | Received a gift from Trog
 30003 | Orc:2    | Killed Urug
 30008 | Orc:2    | Found Waohu's General Store.
 30037 | Orc:2    | Found Nytagal's Book Emporium.
 30090 | Orc:2    | Found Amuce's Antique Armour Emporium.
 30095 | Orc:2    | Reached skill level 13 in Fighting
 30322 | Orc:2    | Bought a transparent buckler for 275 gold pieces
 30322 | Orc:2    | Identified the cursed -2 buckler of Precision Catastrophes {rElec} (You bought it in a shop on level 2 of the Orcish Mines)
 30334 | Orc:2    | Found Orghuc's Antique Weapon Emporium.
 30738 | Orc:2    | Found Ogaofem's Antique Weapon Emporium.
 30992 | Swamp:1  | Entered Level 1 of the Swamp
 31248 | Swamp:1  | Reached XP level 17. HP: 89/108 MP: 17/17
 32189 | Swamp:2  | Noticed Aizul
 32226 | Swamp:2  | Killed Aizul
 32226 | Swamp:2  | Reached skill level 14 in Fighting
 32265 | Swamp:2  | Received a gift from Trog
 33775 | Swamp:3  | Reached skill level 15 in Fighting
 33843 | Swamp:3  | Noticed a thorn hunter
 33861 | Swamp:3  | Killed a thorn hunter
 34030 | Swamp:3  | Received a gift from Trog
 34343 | Swamp:3  | Noticed a tentacled monstrosity
 34372 | Swamp:3  | Killed a tentacled monstrosity
 34522 | Swamp:4  | Entered Level 4 of the Swamp
 34810 | Swamp:4  | Reached skill level 16 in Fighting
 35008 | Swamp:4  | Noticed a bone dragon
 35052 | Swamp:4  | Killed a bone dragon
 35363 | Swamp:4  | Reached skill level 17 in Fighting
 35462 | Swamp:4  | Reached XP level 18. HP: 122/122 MP: 18/18
 36110 | Swamp:4  | Got a decaying rune of Zot
 36516 | Spider:1 | Entered Level 1 of the Spider Nest
 36749 | Spider:1 | Received a gift from Trog
 37102 | Spider:1 | Blown up by an orb spider

Skill      XL: |  1  2  3  4  5  6  7  8  9 10 11 12 13 14 15 16 17 |
---------------+----------------------------------------------------+-----
Dodging        | 3 9 12 | 12.0
Long Blades    | 3 4 6 8 11 13 | 13.0
Armour         | 2 3 7 9 10 | 10.0
Fighting       | 4 7 11 13 17 | 17.7
Short Blades   | 1 4 6 9 12 13 | 13.6
Shields        | 7 10 | 10.0

Action                   |  1- 3 |  4- 6 |  7- 9 | 10-12 | 13-15 | 16-18 || total
-------------------------+-------+-------+-------+-------+-------+-------++-------
Melee: Falchion          |    43 |       |       |       |       |       ||    43
       Dagger            |    38 |   230 |   439 |   553 |       |       ||  1260
       Rapier            |       |       |       |   158 |  1060 |       ||  1218
       Quick blade       |       |       |       |       |   143 |  1801 ||  1944
       Scimitar          |       |       |       |       |     3 |       ||     3
       Demon blade       |       |       |       |       |       |    25 ||    25
 Fire: Hunting sling     |    17 |    52 |       |       |       |       ||    69
Invok: Berserk           |     5 |     7 |     7 |    12 |    17 |    10 ||    58
       Burn Spellbooks   |       |       |     1 |     3 |     2 |     1 ||     7
       Trog's Hand       |       |       |       |     2 |     3 |     3 ||     8
       Brothers in Arms  |       |       |       |       |     3 |     2 ||     5
Evoke: Wand              |       |       |     7 |       |    13 |     6 ||    26
  Use: Scroll            |       |    16 |     4 |     9 |    11 |     7 ||    47
       Potion            |       |       |       |       |       |     1 ||     1
 Stab: Distracted        |       |       |       |       |       |     2 ||     2
  Eat: Chunk             |    15 |    12 |    22 |    37 |    65 |    46 ||   197
       Ration            |       |       |       |       |       |     2 ||     2
Armor: Animal skin       |     1 |       |       |       |       |       ||     1
       Scale mail        |    12 |    17 |    21 |       |       |       ||    50
       Ring mail         |       |    14 |       |       |       |       ||    14
       Chain mail        |       |       |     8 |       |       |       ||     8
       Plate armour      |       |       |    70 |   226 |   381 |   435 ||  1112
Dodge: Dodged            |    42 |    91 |   100 |   168 |   321 |   438 ||  1160
Block: Other             |       |    13 |    49 |    85 |    88 |       ||   235
       Reflection        |       |       |     2 |       |     7 |    28 ||    37
       Shield            |       |       |       |       |   212 |   879 ||  1091
       Rpst.: Falchion   |     6 |       |       |       |       |       ||     6
       Demon blade       |       |       |       |       |       |     1 ||     1
